Match 42729676
Unlisted

Match 42729676
End
Kettenkrad Recon Vehicle
Construct Infanterie Kompanie
Selects Luftwaffe Battlegroup
Selects Luftwaffe Pioneer Support
MG 42 Machine Gun Team
MG 42 Machine Gun Team
Grenadier Squad
Construct Luftwaffe Kompanie
Selects Stuka Strafing Run
Jäger Squad
Fallschirmpioneer Squad Paradrop
KuckMuck
daShark 6
Unsafe
Zamalek.YT ✪
狼少
没有人比我更懂澳大利亚
srubert83
Qatheeb al-Akbar
0
0

Comments sign in to comment!

No comments posted yet!